 Dungeon Sprint DCSS version 0.28.0-53-g5a82cb258f (webtiles) character file.

Game seed: 14673711023173394233

5247 Zeld the Eclecticist (level 10, -7/50 HPs)
             Began as a Deep Elf Conjurer on May 31, 2022.
             Was a High Priest of Sif Muna.
             Mangled by a spriggan rider
             ... wielding a +0 spear
              (14 damage)
             ... in the Dungeon (Sprint IV: "Fedhas' Mad Dash").
             The game lasted 00:04:07 (3013 turns).

Zeld the Eclecticist (Deep Elf Conjurer)            Turns: 3013, Time: 00:04:09

Health: -7/50      AC:  2    Str:  4    XL:     10   Next: 36%
Magic:  21/36      EV: 12    Int: 28    God:    Sif Muna [*****.]
Gold:   143        SH:  0    Dex: 13    Spells: 26/49 levels left

rFire   . . .      SeeInvis .   (no weapon)
rCold   . . .      Faith    .   (no shield)
rNeg    . . .      Spirit   .   a - +0 robe
rPois   .          Reflect  .   (no helmet)
rElec   .          Harm     .   (no cloak)
rCorr   .          Rampage  .   (no gloves)
Will    +....      NoTele   +   (no boots)
Stlth   ++++......              b - amulet of invisibility {+Inv}
HPRegen 0.16/turn               (no ring)
MPRegen 0.25/turn               (no ring)

@: channelling, very slightly contaminated, invisible (expiring)
A: no striking features
a: Renounce Religion, Evoke Invisibility, Channel Magic, Forget Spell, Divine
Exegesis


You were in the Dungeon.
You worshipped Sif Muna.
Sif Muna was extremely pleased with you.
You visited 1 branch You collected 228 gold pieces.
You spent 85 gold pieces at shops.

Inventory:

Armour
 a - a +0 robe (worn)
Jewellery
 b - the amulet of invisibility (around neck) {+Inv}
   (You found it in the Dungeon)

   [amulet of nothing]

   +Inv:      It lets you turn invisible.
Scrolls
 g - a scroll of blinking
 h - a scroll of identify {unknown}
 j - a scroll of magic mapping {unknown}
Potions
 c - a potion of heal wounds
 d - a potion of haste
 e - 2 potions of magic
 f - a potion of berserk rage
 i - a potion of lignification {unknown}


   Skills:
 - Level 2.4 Dodging
 - Level 8.0 Stealth
 * Level 20.3 Spellcasting
 * Level 17.8 Conjurations
 - Level 2.0 Hexes
 - Level 2.0 Translocations
 + Level 8.8 Invocations


You had 26 spell levels left.
You knew the following spells:

 Your Spells              Type           Power      Damage    Failure   Level
a - Magic Dart            Conj           100%       1d8       0%          1
b - Searing Ray           Conj           100%       2d8       0%          2
c - Fulminant Prism       Conj/Hex       35%        3d18      1%          4
d - Iskenderun's Mystic   Conj/Tloc      71%        2d14      1%          4
y - Manifold Assault      Tloc           39%        N/A       17%         5
z - Orb of Destruction    Conj           45%        9d12      1%          7

Your spell library contained the following spells:

 Spells                   Type           Power      Damage    Failure   Level
 Summon Small Mammal      Summ           100%       N/A       1%          1
 Blink                    Tloc           78%        N/A       1%          2
 Dazzling Flash           Conj/Hex       100%       N/A       1%          3
 Lesser Beckoning         Tloc           39%        N/A       1%          3
 Flame Wave               Conj/Fire      67%        2d12      1%          4
 Lightning Bolt           Conj/Air       33%        1d51      1%          5
 Ozocubu's Armour         Ice            28%        N/A       4%          3
 Iron Shot                Conj/Erth      33%        9d7       5%          6
 Leda's Liquefaction      Hex/Erth       17%        N/A       10%         4
 Spellforged Servitor     Conj/Summ      33%        N/A       30%         7
 Dispersal                Tloc           19%        N/A       67%         6
 Lehudib's Crystal Spear  Conj/Erth      33%        10d9      94%         8
 Ozocubu's Refrigeration  Ice            14%        4d7       100%        7
 Disjunction              Tloc           19%        N/A       100%        8
 Chain Lightning          Conj/Air       33%        3d44      100%        9


Dungeon Overview and Level Annotations

Branches:
Dungeon (1/1)

Altars:
Cheibriados
Dithmenos
Elyvilon
Gozag
Hepliaklqana
Kikubaaqudgha
Makhleb
Nemelex Xobeh
Okawaru
Qazlal
Ru
Sif Muna
Trog
Uskayaw
Vehumet
Wu Jian
Xom
Yredelemnul
Zin
The Shining One
Beogh
Jiyva
Lugonu

Shops:
D [[(*


Message History

A spriggan comes into view. It is wielding a +0 short sword.
A spriggan rider comes into view. It is wielding a +0 spear.
Casting: Iskenderun's Mystic Blast (safe; 1% risk of failure)
Confirm with . or Enter, or press ? or * to list all spells.
You erupt in a blast of force!
The mystic blast hits the demonic crawler!
You kill the demonic crawler!
Sif Muna accepts your kill.
Casting: Iskenderun's Mystic Blast (safe; 1% risk of failure)
Confirm with . or Enter, or press ? or * to list all spells.
You erupt in a blast of force!
The mystic blast hits the spriggan!
The spriggan is heavily wounded.
The spriggan is knocked back by the mystic blast.
The spriggan collides with the spriggan rider!
The spriggan rider is lightly wounded.
The spriggan is almost dead.
Unknown command.
You flicker for a moment.
The spriggan hits you with a +0 short sword!
You closely miss the spriggan.
The spriggan is almost dead.
The spriggan rider hits you from afar with a +0 spear!!
Ouch! That really hurt!
* * * LOW HITPOINT WARNING * * *
The spriggan hits you with a +0 short sword!
* * * LOW HITPOINT WARNING * * *
Casting: Iskenderun's Mystic Blast (safe; 1% risk of failure)
Confirm with . or Enter, or press ? or * to list all spells.
You erupt in a blast of force!
The mystic blast hits the spriggan rider!!
The spriggan rider is heavily wounded.
The spriggan rider is knocked back by the mystic blast.
The spriggan rider collides with the spriggan!
The spriggan is moderately wounded.
The spriggan rider is severely wounded.
The mystic blast hits the spriggan!!
You kill the spriggan!
Sif Muna accepts your kill.
The spriggan rider hits you from afar with a +0 spear!
You die...

######################
_._.⌠.#.('.."#....##∩#
._._..'..#[..#....'[.#
_._...#..###'##...##∩#
._._..#..##∩∩.'...####
_._.⌠.############# .
###########....(.###....
♣(###.'..'.....(@)ii...♣
.♣##..#..#.......#######
).###.##+##......#
.♣'...# ######## #######


You could see a spriggan rider and a spriggan.

Vanquished Creatures
  A spriggan druid (D)
  6 oklob plants (D)
  A moth of wrath (D)
  A demonic crawler (D)
  3 burning bushes (D)
  A queen bee (D)
  3 wandering mushrooms (D)
  4 scorpions (D)
  4 killer bees (D)
  5 oklob saplings (D)
  3 spriggans (D)
  A river rat (D)
  A rat (D)
  A ballistomycete spore (D)
35 creatures vanquished.

Vanquished Creatures (others)
  13 fulminant prisms (D)
  3 fungi (D)
16 creatures vanquished.

Grand Total: 51 creatures vanquished

Notes
Turn   | Place    | Note
-------+----------+-------------------------------------------
     0 | D        | Zeld the Deep Elf Conjurer began the quest for the Orb.
     0 | D        | Reached XP level 1. HP: 10/10 MP: 6/6
     9 | D        | Reached skill level 4 in Spellcasting
     9 | D        | Reached skill level 5 in Conjurations
     9 | D        | Reached skill level 1 in Hexes
     9 | D        | Reached skill level 1 in Translocations
     9 | D        | Reached XP level 2. HP: 15/15 MP: 1/9
    90 | D        | Learned a level 2 spell: Searing Ray
   194 | D        | Noticed an oklob sapling
   200 | D        | Killed an oklob sapling
   201 | D        | Reached skill level 6 in Spellcasting
   201 | D        | Reached XP level 3. HP: 19/19 MP: 1/12
   378 | D        | Noticed a scorpion
   378 | D        | Found the amulet of invisibility {+Inv}
   383 | D        | Killed a scorpion
   384 | D        | Reached skill level 8 in Spellcasting
   384 | D        | Reached XP level 4. HP: 3/24 MP: 5/16
   397 | D        | Learned a level 4 spell: Fulminant Prism
   402 | D        | Learned a level 4 spell: Iskenderun's Mystic Blast
   513 | D        | Found an opulent altar of Gozag.
   513 | D        | Found a hazy altar of Hepliaklqana.
   513 | D        | Found a burning altar of Makhleb.
   513 | D        | Found a sparkling altar of Nemelex Xobeh.
   513 | D        | Found a snail-covered altar of Cheibriados.
   513 | D        | Found a sacrificial altar of Ru.
   513 | D        | Found a shimmering blue altar of Sif Muna.
   513 | D        | Found a shimmering altar of Xom.
   513 | D        | Found a basalt altar of Yredelemnul.
   514 | D        | Found a viscous altar of Jiyva.
   514 | D        | Found a bloodstained altar of Trog.
   514 | D        | Found an ornate altar of the Wu Jian Council.
   515 | D        | Found an iron altar of Okawaru.
   515 | D        | Found a shadowy altar of Dithmenos.
   515 | D        | Found a glowing silver altar of Zin.
   516 | D        | Found an ancient bone altar of Kikubaaqudgha.
   516 | D        | Found a hide-covered altar of Uskayaw.
   517 | D        | Found a stormy altar of Qazlal.
   517 | D        | Found a white marble altar of Elyvilon.
   517 | D        | Found a glowing golden altar of the Shining One.
   518 | D        | Found a radiant altar of Vehumet.
   518 | D        | Found a corrupted altar of Lugonu.
   521 | D        | Became a worshipper of Sif Muna the Loreminder
   525 | D        | Reached skill level 5 in Stealth
   525 | D        | Reached skill level 9 in Spellcasting
   525 | D        | Reached XP level 5. HP: 23/28 MP: 8/18
   615 | D        | Reached * piety under Sif Muna
   616 | D        | Reached skill level 10 in Spellcasting
   618 | D        | Reached skill level 11 in Spellcasting
   618 | D        | Reached XP level 6. HP: 32/32 MP: 1/22
   629 | D        | Found Opleitujodgh's Armour Shop.
   629 | D        | Found Fulleseq's Antique Armour Emporium.
   633 | D        | Bought a glowing leather armour for 85 gold pieces
   830 | D        | Noticed a burning bush
   830 | D        | Noticed a wandering mushroom
   833 | D        | Reached ** piety under Sif Muna
   834 | D        | Reached skill level 10 in Conjurations
   834 | D        | Noticed a wandering mushroom
   837 | D        | Killed a wandering mushroom
   837 | D        | Killed a burning bush
   837 | D        | Killed a wandering mushroom
   838 | D        | Reached skill level 14 in Spellcasting
   838 | D        | Reached XP level 7. HP: 22/36 MP: 8/27
   953 | D        | Found Veac's General Store.
   953 | D        | Found Beqoahen's Antique Weapon Shoppe.
   953 | D        | Found the macabre finger necklace {rN+}
  1147 | D        | Reached *** piety under Sif Muna
  1290 | D        | Noticed a queen bee
  1298 | D        | Reached skill level 15 in Spellcasting
  1298 | D        | Reached XP level 8. HP: 17/41 MP: 24/29
  1298 | D        | Reached **** piety under Sif Muna
  1299 | D        | Reached skill level 1 in Invocations
  1299 | D        | Killed a queen bee
  1482 | D        | Noticed an oklob plant
  1491 | D        | Killed an oklob plant
  1492 | D        | Reached skill level 16 in Spellcasting
  1693 | D        | Noticed a burning bush
  1700 | D        | Killed a burning bush
  1701 | D        | Reached skill level 17 in Spellcasting
  1701 | D        | Reached skill level 15 in Conjurations
  1701 | D        | Reached XP level 9. HP: 27/45 MP: 16/32
  2022 | D        | Noticed a burning bush
  2022 | D        | Noticed an oklob plant
  2023 | D        | Noticed a wandering mushroom
  2027 | D        | Killed a burning bush
  2027 | D        | Reached ***** piety under Sif Muna
  2027 | D        | Received a gift from Sif Muna
  2028 | D        | Reached skill level 5 in Invocations
  2030 | D        | Got Sif Muna's Disquisition on Companions and Attacks {god
                  | gift}
  2041 | D        | Learned a level 7 spell: Orb of Destruction
  2120 | D        | Killed a wandering mushroom
  2130 | D        | Killed an oklob plant
  2131 | D        | Reached skill level 18 in Spellcasting
  2383 | D        | Noticed a spriggan druid
  2385 | D        | Killed a spriggan druid
  2419 | D        | Noticed a moth of wrath
  2456 | D        | Killed a moth of wrath
  2457 | D        | Reached skill level 19 in Spellcasting
  2544 | D        | Noticed an oklob plant conjurer
  2545 | D        | Killed an oklob plant conjurer
  2546 | D        | Reached XP level 10. HP: 50/50 MP: 26/35
  2559 | D        | Learned a level 5 spell: Manifold Assault
  2716 | D        | Noticed an oklob plant
  2716 | D        | Noticed an oklob plant summoner
  2718 | D        | Noticed an oklob plant shifter
  2721 | D        | Killed an oklob plant summoner
  2730 | D        | Killed an oklob plant
  2731 | D        | Reached skill level 20 in Spellcasting
  2733 | D        | Killed an oklob plant shifter
  2733 | D        | Received a gift from Sif Muna
  2736 | D        | Got Poczattu's Disquisition on the Supportive Mountains
                  | {god gift}
  3009 | D        | Noticed a spriggan rider
  3013 | D        | Mangled by a spriggan rider

Illustrated notes

Levels and vault maps discovered:
D:        dungeon_sprint_fedhas [sprint_temple]

Skill      XL: |  1  2  3  4  5  6  7  8  9 10 |
---------------+-------------------------------+-----
Spellcasting   | 4 6 8 9 11 14 15 17 19 20 | 20.3
Conjurations   | 5 6 7 8 9 13 15 16 17 | 17.8
Hexes          | 1 2 |  2.0
Translocations | 1 2 |  2.0
Stealth        | 4 5 6 8 |  8.0
Invocations    | 4 7 8 |  8.8
Dodging        | |  2.4

Action                   |  1- 3 |  4- 6 |  7- 9 | 10-12 || total
-------------------------+-------+-------+-------+-------++-------
Melee: Unarmed           |       |       |       |     1 ||     1
 Cast: Magic Dart        |     5 |       |       |     3 ||     8
       Searing Ray       |     4 |     4 |     7 |     3 ||    18
       Fulminant Prism   |       |     3 |     6 |     4 ||    13
       Iskenderun's Myst |       |     3 |    11 |     7 ||    21
       Orb of Destructio |       |       |     3 |       ||     3
Invok: Channel Magic     |       |       |       |     1 ||     1
 Abil: Evoke Invisibilit |       |     3 |     7 |     2 ||    12
  Use: Potion            |       |     1 |       |       ||     1
Dodge: Dodged            |     2 |     2 |       |       ||     4
